 Dungeon Sprint DCSS version 0.21.2 (webtiles) character file.

7427 Fang the Severer (level 11, -1/81 HPs)
             Began as a Gargoyle Berserker on Oct 9, 2018.
             Was the Champion of Trog.
             Killed by divine providence
             ... invoked by an orc high priest
              (14 damage)
             ... in the Dungeon (Sprint IX: "|||||||||||||||||||||||||||||").
             The game lasted 00:06:35 (1504 turns).

Fang the Severer (Gargoyle Berserker)               Turns: 1504, Time: 00:06:35

Health: -1/81      AC: 18    Str: 27    XL:     11   Next: 15%
Magic:  11/11      EV: 15    Int:  8    God:    Trog [******]
Gold:   665        SH:  0    Dex: 12    Spells: 10/10 levels left

rFire    . . .     SeeInvis .   y - +2 battleaxe (elec)
rCold    . . .     Gourm    .   (shield currently unavailable)
rNeg     + . .     Faith    .   q - +2 ring mail
rPois    ∞         Spirit   .   r - +0 helmet
rElec    +         Reflect  .   (no cloak)
rCorr    .         Harm     .   (no gloves)
MR       .....     NoTele   +   (no boots)
Stlth    +.........             (no amulet)
HPRegen  0.23/turn              o - +3 ring of strength
MPRegen  0.12/turn              p - +3 ring of dexterity

@: berserk cooldown, slowed, very slow
A: negative energy resistance 1, electricity resistance, unbreathing,
petrification resistance, rot immunity, AC +8
a: Berserk, Trog's Hand, Brothers in Arms, Burn Spellbooks, Renounce Religion


You were in the Dungeon.
You worshipped Trog.
Trog was exalted by your worship.
You were very hungry.

You visited 1 branch You collected 665 gold pieces.

Inventory:

Hand Weapons
 n - a +1 broad axe of freezing
 v - a +2 battleaxe of chopping
 w - a +3 battleaxe of electrocution
 x - the +6 battleaxe of Wrath {vamp, rPois rN+, unknown}
   (Trog gifted it to you in the Dungeon)

   It inflicts no extra harm, but heals its wielder when it wounds a living foe.
   It protects you from poison.
   It protects you from negative energy.
 y - a +2 battleaxe of electrocution (weapon)
Armour
 q - a +2 ring mail (worn)
 r - a +0 helmet (worn)
Jewellery
 o - a +3 ring of strength (left hand)
 p - a +3 ring of dexterity (right hand)
 u - a +5 ring of intelligence
Wands
 m - a wand of acid (10)
Scrolls
 i - 2 scrolls of blinking
 j - 2 scrolls of fear
 l - 4 scrolls of remove curse
 s - a scroll of fog
 t - 2 scrolls of enchant armour
Potions
 a - a potion of might
 b - a potion of brilliance
 d - 6 potions of curing
 e - 5 potions of heal wounds
 f - 2 potions of haste
 g - 5 potions of magic
 h - 2 potions of berserk rage
 k - a potion of invisibility
Comestibles
 c - 12 rations


   Skills:
 + Level 15.3 Fighting
 + Level 16.9 Axes
 + Level 9.3 Armour
 + Level 7.0 Dodging


You had 10 spell levels left.
You didn't know any spells.

Dungeon Overview and Level Annotations

Branches:
Dungeon (1/1)

Altars:
Cheibriados
Dithmenos
Elyvilon
Fedhas
Gozag
Hepliaklqana
Kikubaaqudgha
Makhleb
Nemelex Xobeh
Okawaru
Qazlal
Ru
Sif Muna
Trog
Uskayaw
Vehumet
Wu Jian
Xom
Yredelemnul
Zin
The Shining One
Beogh
Jiyva
Lugonu


Innate Abilities, Weirdness & Mutations

You are resistant to torment.
Your stone body is resilient. (AC +8)
You are immune to poison.
You resist negative energy. (rN+)
You are resistant to electric shocks. (rElec)
You can survive without breathing.
You are immune to petrification.
You are immune to rotting.


Message History

Trog shields your ally from puny magic!
The orc high priest barely misses your cyclops.
There is an open door, spattered with blood here.
Items here: (( ) [ † a bolt; a war axe; 4 tomahawks; a leather armour; an orc corpse Unknown command.
Your cyclops closely misses the orc high priest.
The orc high priest hits your cyclops but does no damage.
Your cyclops hits the orc high priest!!
You see here a glowing shortbow {god gift}.
Unknown command.
The orc high priest hits your cyclops but does no damage.
Your cyclops barely misses the orc high priest.
Unknown command.
Something hits your cyclops.
Unknown command.
Unknown command.
The orc high priest invokes the aid of Beogh against you.
Beogh smites you!
You die...

▓_▓.▓.▓.▓$▓
▓_▓.▓÷▓.▓o▓
▓_▓.▓†▓.▓o▓
▓_▓.▓(▓.▓)▓
▓_▓.▓.▓.▓C▓
▓_▓.▓.▓.▓)▓
▓_▓.▓.▓.▓(▓
▓_▓.▓.▓.▓)▓
▓_▓.▓.▓.▓@▓
▓_▓.▓.▓.▓.▓
▓_▓.▓.▓.▓.▓
▓_▓.▓.▓.▓.▓
▓_▓.▓%▓.▓.▓
▓_▓.▓.▓.▓.▓
▓_▓.▓.▓.▓.▓
▓_▓.▓.▓.▓[▓
▓_▓.▓.▓.▓)▓


You could see an orc knight, an orc high priest and a friendly cyclops
(berserk).

Vanquished Creatures
  A hydra (D)
  A centaur warrior (D)
  A two-headed ogre (D)
  3 orc knights (D)
  A spiny frog (D)
  2 komodo dragons (D)
  3 hippogriffs (D)
  Eustachio (D)
  A yak (D)
  4 wargs (D)
  3 water moccasins (D)
  A porcupine (D)
  An eye of draining (D)
  An orc warrior (D)
  2 ice beasts (D)
  5 crocodiles (D)
  4 wolves (D)
  3 bullfrogs (D)
  A scorpion (D)
  A wight (D)
  A howler monkey (D)
  2 orc wizards (D)
  3 orc priests (D)
  A worker ant (D)
  A shadow imp (D)
  2 leopard geckos (D)
  11 orcs (D)
  A hobgoblin (D)
  A kobold (D)
  2 frilled lizards (D)
  A goblin (D)
  A rat (D)
67 creatures vanquished.

Vanquished Creatures (collateral kills)
  An orc warrior (D)
1 creature vanquished.

Grand Total: 68 creatures vanquished

Notes
Turn   | Place    | Note
-------+----------+-------------------------------------------
     0 | D        | Fang the Gargoyle Berserker began the quest for the Orb.
     0 | D        | Reached XP level 1. HP: 14/14 MP: 1/1
     5 | D        | Reached skill level 3 in Axes
     9 | D        | Reached ** piety under Trog
    27 | D        | Noticed an ice beast
    30 | D        | Reached XP level 2. HP: 20/20 MP: 2/2
    35 | D        | Killed an ice beast
    35 | D        | Reached *** piety under Trog
    35 | D        | Reached skill level 6 in Axes
    35 | D        | Reached XP level 3. HP: 28/28 MP: 3/3
    35 | D        | Reached XP level 4. HP: 32/32 MP: 4/4
   121 | D        | Found a roughly hewn altar of Beogh.
   121 | D        | Found a snail-covered altar of Cheibriados.
   121 | D        | Found a shadowy altar of Dithmenos.
   121 | D        | Found a white marble altar of Elyvilon.
   121 | D        | Found a blossoming altar of Fedhas.
   121 | D        | Found an opulent altar of Gozag.
   122 | D        | Found a hazy altar of Hepliaklqana.
   123 | D        | Found a viscous altar of Jiyva.
   124 | D        | Found an ancient bone altar of Kikubaaqudgha.
   125 | D        | Found a corrupted altar of Lugonu.
   126 | D        | Found a burning altar of Makhleb.
   127 | D        | Found a sparkling altar of Nemelex Xobeh.
   128 | D        | Found an iron altar of Okawaru.
   129 | D        | Found a stormy altar of Qazlal.
   130 | D        | Found a sacrificial altar of Ru.
   131 | D        | Found a deep blue altar of Sif Muna.
   132 | D        | Found a bloodstained altar of Trog.
   133 | D        | Found a hide-covered altar of Uskayaw.
   134 | D        | Found a radiant altar of Vehumet.
   135 | D        | Found an ornate altar of the Wu Jian Council.
   136 | D        | Found a shimmering altar of Xom.
   137 | D        | Found a basalt altar of Yredelemnul.
   138 | D        | Found a glowing silver altar of Zin.
   139 | D        | Found a glowing golden altar of the Shining One.
   198 | D        | Noticed a two-headed ogre
   198 | D        | Noticed a crocodile
   198 | D        | Noticed a hippogriff
   198 | D        | Noticed an eye of draining
   201 | D        | Killed an eye of draining
   201 | D        | Reached **** piety under Trog
   201 | D        | Reached skill level 7 in Axes
   201 | D        | Reached XP level 5. HP: 39/39 MP: 5/5
   204 | D        | Killed a hippogriff
   204 | D        | Reached skill level 9 in Axes
   204 | D        | Reached skill level 5 in Armour
   204 | D        | Reached XP level 6. HP: 47/47 MP: 6/6
   209 | D        | Reached skill level 10 in Fighting
   209 | D        | Reached XP level 7. HP: 52/52 MP: 7/7
   215 | D        | Killed a two-headed ogre
   215 | D        | Reached ***** piety under Trog
   215 | D        | Reached skill level 11 in Axes
   215 | D        | Reached XP level 8. HP: 42/60 MP: 8/8
   299 | D        | Noticed a centaur warrior
   306 | D        | Killed a centaur warrior
   306 | D        | Reached skill level 12 in Axes
   306 | D        | Reached skill level 5 in Dodging
   306 | D        | Reached XP level 9. HP: 55/67 MP: 9/9
   586 | D        | Noticed a spiny frog
   589 | D        | Reached skill level 13 in Axes
   590 | D        | Killed a spiny frog
   596 | D        | Received a gift from Trog
   600 | D        | Reached ****** piety under Trog
   610 | D        | Reached skill level 14 in Axes
   686 | D        | Noticed a seven-headed hydra
   686 | D        | Noticed a komodo dragon
   686 | D        | Noticed a komodo dragon
   691 | D        | Killed a komodo dragon
   691 | D        | Reached XP level 10. HP: 74/74 MP: 10/10
   692 | D        | Received a gift from Trog
   696 | D        | Killed a ten-headed hydra
   696 | D        | Reached skill level 15 in Axes
   714 | D        | Received a gift from Trog
   915 | D        | Received a gift from Trog
   919 | D        | Reached skill level 16 in Axes
   922 | D        | Got a smoking battleaxe {god gift}
  1243 | D        | Noticed Eustachio
  1249 | D        | Killed Eustachio
  1330 | D        | Noticed an orc knight
  1347 | D        | Killed an orc knight
  1347 | D        | Received a gift from Trog
  1347 | D        | Reached skill level 15 in Fighting
  1468 | D        | Noticed an orc knight
  1468 | D        | Noticed an orc knight
  1472 | D        | Noticed an orc high priest
  1472 | D        | Received a gift from Trog
  1473 | D        | Noticed an orc knight
  1484 | D        | Killed an orc knight
  1484 | D        | Reached XP level 11. HP: 81/81 MP: 11/11
  1490 | D        | Killed an orc knight
  1504 | D        | Killed from afar by an orc high priest

Skill      XL: |  1  2  3  4  5  6  7  8  9 10 11 |
---------------+----------------------------------+-----
Axes           | 3 6 7 9 11 12 14 16 | 16.9
Fighting       | 4 6 8 9 10 11 12 13 15 | 15.3
Armour         | 3 4 5 6 7 8 9 |  9.3
Dodging        | 2 3 4 5 6 7 |  7.0

Action                   |  1- 3 |  4- 6 |  7- 9 | 10-12 || total
-------------------------+-------+-------+-------+-------++-------
Melee: Hand axe          |    13 |     4 |       |       ||    17
       Broad axe         |       |     9 |    44 |       ||    53
       Battleaxe         |       |       |     4 |   106 ||   110
Invok: Berserk           |     1 |     1 |     3 |     2 ||     7
       Brothers in Arms  |       |       |       |     1 ||     1
  Eat: Chunk             |       |       |     3 |     5 ||     8
Armor: Animal skin       |     1 |     1 |       |       ||     2
       Ring mail         |       |     3 |    10 |    27 ||    40
Dodge: Dodged            |     4 |     3 |    24 |    53 ||    84
